AoeStats
← judge0625

Arena

510078819Analyzed
1v1 RM · 4d ago on Sep 29, 2026· 36m 44s· 2 players
Game mode
Random Map
Map size
Tiny (2 player)
Population
200
Speed
Normal
Resources
Standard
Victory
Conquest
Starting age
Dark Age
Ending age
Imperial Age
RankedLock teamsTeams togetherTeam positionsShared explorationLock speedFull tech treeHidden civsTurbo modeCheats
Victory
Defeat
🇨🇳 Teutons · China
846
+13
🇹🇷 Britons · Türkiye
781
-13
judge0625
14:14 Feudal Age
18:51 Castle Age
16:56 Gold Mining
17:11 Horse Collar
17:43 Stone Mining
18:05 Double-Bit Axe
19:44 Wheelbarrow
27:34 Imperial Age
25:44 Gold Shaft Mining
27:02 Hand Cart
27:26 Bow Saw
30:25 Two-Man Saw
29:45 Heavy Plow
31:16 Elite Longbowman
32:59 Yeomen
33:00 Conscription
34:08 Chemistry
33:43 Ballistics
33:45 Fletching
33:55 Padded Archer Armor
33:50 Fletching
34:57 Leather Archer Armor
35:21 Bodkin Arrow
36:39 Ring Archer Armor
天陈陈王
11:14 Feudal Age
12:42 Double-Bit Axe
15:48 Castle Age
15:38 Horse Collar
22:19 Stone Mining
26:18 Bow Saw
26:41 Forging
27:14 Bloodlines
27:09 Gold Mining
28:23 Wheelbarrow
28:50 Ironclad
29:16 Stone Shaft Mining
28:48 Loom
29:36 Ballistics
30:00 Iron Casting
30:26 Scale Barding Armor
33:01 Imperial Age
31:35 Masonry
31:59 Chain Barding Armor
32:40 Squires
32:28 Gambesons
33:31 Fletching
34:05 Conscription
33:11 Capped Ram
33:14 Cavalier
34:55 Blast Furnace
35:00 Two-Man Saw
34:28 Hand Cart
35:31 Chemistry
35:54 Plate Barding Armor
36:08 Paladin
Connection lost

Rejoining the realm…

Still unreachable

The connection could not be restored.

Session expired

The server has moved on; the page needs a fresh start.